 Dungeon Crawl Stone Soup version 0.20.1-1-g8b1a95d (webtiles) character file.

318 Kagerus the Cudgeler (level 6, -3/47 HPs)
             Began as a Human Fighter on July 30, 2017.
             Killed by nerve-wracking pain
             ... invoked by Menkaure
              (8 damage)
             ... on level 4 of the Dungeon.
             The game lasted 00:15:08 (4059 turns).

Kagerus the Cudgeler (Human Fighter)                Turns: 4059, Time: 00:15:08

Health: -3/47      AC: 11    Str: 19    XL:     6   Next: 74%
Magic:  6/6        EV:  7    Int:  8    God:
Gold:   157        SH:  9    Dex: 12    Spells: 5/5 levels left

rFire    . . .     SeeInvis .   a - +0 flail
rCold    . . .     Gourm    .   c - +0 shield
rNeg     . . .     Faith    .   b - +0 scale mail
rPois    .         Spirit   .   g - +0 helmet
rElec    .         Reflect  .   j - +0 cloak
rCorr    .         Harm     .   o - +1 pair of gloves
MR       .....                  (no boots)
Stlth    ..........             (no amulet)
Regen    0.2/turn               (no ring)
MPRegen  0.1/turn               (no ring)

@: no status effects
A: no striking features
a: no special abilities


You were on level 4 of the Dungeon.
You were very hungry.

You visited 1 branch of the dungeon, and saw 4 of its levels.

You collected 157 gold pieces.

Inventory:

Hand Weapons
 a - a +0 flail (weapon)
Missiles
 t - 21 stones (quivered)
Armour
 b - a +0 scale mail (worn)
 c - a +0 shield (worn)
 g - a +0 helmet (worn)
 j - a +0 cloak (worn)
 o - a +1 pair of gloves (worn)
 r - a +0 ring mail
Jewellery
 m - an uncursed amulet of magic regeneration {unknown}
 n - a cursed -2 ring of strength {unknown}
Wands
 q - a wand of scattershot (4/9)
Scrolls
 p - a scroll of teleportation {unknown}
Potions
 d - a potion of lignification
 e - a potion of invisibility
 h - a potion of heal wounds {unknown}
 l - 2 potions of curing
Comestibles
 f - 5 bread rations
 i - a royal jelly
 k - 2 meat rations


   Skills:
 - Level 3.3 Fighting
 + Level 6.2 Maces & Flails
 - Level 3.0 Armour
 - Level 3.3 Shields


You had 5 spell levels left.
You didn't know any spells.

Dungeon Overview and Level Annotations

Branches:
Dungeon (4/15)
 Temple: D:4-7

Altars:
Fedhas
Hepliaklqana
Yredelemnul

Annotations:
D:3 Sigmund
D:4 Menkaure


Message History

* * * LOW HITPOINT WARNING * * *
You are feeling very hungry.
There is an open door here.
Menkaure calls on the powers of darkness!
Your body is wracked with pain!
* * * LOW HITPOINT WARNING * * *
As you close the door, it creaks loudly!
Okay, then.
Menkaure opens the door.
Menkaure calls on the powers of darkness!
Your body is wracked with pain!
* * * LOW HITPOINT WARNING * * *
You hear the quick rusting of a distant drain.
Menkaure calls on the powers of darkness!
Your body is wracked with pain!
* * * LOW HITPOINT WARNING * * *
You see here a ring mail.
Menkaure points at you and mumbles some strange words.
Pain shoots through your body!
You die...

#....................#
#..........###..####.#
###........# #..####.#
#........# #.......#
###.....?..###.####..#
#....................#
#####.####รท##.#####..##
##..................
#..@.[..#..#########
###'#####M#....$#
#.......#.#.###!#
#.......#.#.### #
###.......#M#...#
#.....#####.##.##
+......M....##.#
#.....########.#
###.....# #M#


You could see Menkaure.

Vanquished Creatures
  A centaur skeleton (D:4)
  Jessica (D:3)
  Ijyb (D:3)
  Natasha (thrice) (D:2 D:1)
  A worker ant (D:4)
  A hound skeleton (D:4)
  Robin (D:1)
  4 adders
  A worm (D:2)
  A dart slug (D:1)
  A leopard gecko (D:1)
  7 bats
  A giant cockroach (D:2)
  18 goblins
  9 hobgoblins
  7 jackals
  5 kobolds
  A quokka (D:3)
  A ball python (D:3)
  8 frilled lizards
  6 rats
79 creatures vanquished.

Notes
Turn   | Place    | Note
-------+----------+-------------------------------------------
     0 | D:1      | Kagerus the Human Fighter began the quest for the Orb.
     0 | D:1      | Reached XP level 1. HP: 18/18 MP: 1/1
    36 | D:1      | Reached XP level 2. HP: 4/24 MP: 2/2
   828 | D:1      | Reached XP level 3. HP: 26/29 MP: 3/3
  1195 | D:2      | Reached skill level 3 in Maces & Flails
  1233 | D:2      | Found a basalt altar of Yredelemnul.
  1244 | D:2      | Found a blossoming altar of Fedhas.
  1304 | D:2      | Noticed Natasha
  1313 | D:2      | Killed Natasha
  1313 | D:2      | Reached XP level 4. HP: 7/35 MP: 4/4
  1435 | D:2      | Noticed Natasha
  1729 | D:1      | Killed Natasha
  1729 | D:1      | Reached skill level 4 in Maces & Flails
  1777 | D:1      | Noticed Natasha
  1788 | D:1      | Killed Natasha
  1788 | D:1      | Reached XP level 5. HP: 7/41 MP: 5/5
  2110 | D:2      | Noticed Robin
  2277 | D:1      | Killed Robin
  2430 | D:2      | Reached skill level 5 in Maces & Flails
  2487 | D:2      | Found a hazy altar of Hepliaklqana.
  3047 | D:3      | Noticed Ijyb
  3060 | D:3      | Killed Ijyb
  3060 | D:3      | Reached XP level 6. HP: 43/47 MP: 6/6
  3088 | D:3      | Noticed Jessica
  3089 | D:3      | Noticed Sigmund
  3137 | D:3      | Killed Jessica
  3727 | D:4      | Reached skill level 6 in Maces & Flails
  3995 | D:4      | Noticed Menkaure
  4059 | D:4      | Killed from afar by Menkaure

Skill      XL: |  1  2  3  4  5  6 |
---------------+-------------------+-----
Maces & Flails | 3 4 5 6 |  6.2
Fighting       | |  3.3
Armour         | |  3.0
Shields        | |  3.3

Action                   |  1- 3 |  4- 6 || total
-------------------------+-------+-------++-------
Melee: Flail             |   128 |   173 ||   301
  Use: Potion            |     1 |       ||     1
       Scroll            |       |     6 ||     6
  Eat: Fruit             |       |     4 ||     4
       Chunk             |       |     6 ||     6
Armor: Scale mail        |   100 |    95 ||   195
Dodge: Dodged            |    51 |    50 ||   101
Block: Shield            |    96 |    92 ||   188
